 Dungeon Crawl Stone Soup version 0.28.0-43-g3370ac3207 (webtiles) character file.

Game seed: 10210523154173028037

113 Ablot the Grasshopper (level 4, -3/38 HPs)
             Began as a Gnoll Warper on Mar 15, 2022.
             Slain by a river rat (5 damage)
             ... in a sewer.
             The game lasted 00:03:08 (2824 turns).

Ablot the Grasshopper (Gnoll Warper)                Turns: 2824, Time: 00:03:08

Health: -3/38      AC:  3    Str: 18    XL:     4   Next: 96%
Magic:  9/11       EV: 13    Int: 18    God:
Gold:   104        SH:  0    Dex: 12    Spells: 11/13 levels left

rFire   . . .      SeeInvis .   a - +0 spear
rCold   . . .      Faith    .   (no shield)
rNeg    . . .      Spirit   .   b - +0 leather armour
rPois   .          Reflect  .   (no helmet)
rElec   .          Harm     .   (no cloak)
rCorr   .          Rampage  .   (no gloves)
Will    .....                   (no boots)
Stlth   +.........              (no amulet)
HPRegen 0.12/turn               g - +6 ring of strength
MPRegen 0.12/turn               o - +6 ring of intelligence

@: no status effects
A: fangs 1, strong nose, distributed training
a: no special abilities


You were in a sewer.
You visited 1 branch of the dungeon, and saw 3 of its levels.
You also visited: Sewer.

You collected 104 gold pieces.

Inventory:

Hand Weapons
 a - a +0 spear (weapon)
 r - a +0 mace
Missiles
 d - 5 boomerangs of dispersal
 h - 14 boomerangs (quivered)
 l - 4 poisoned darts
 m - 27 sling bullets
 n - 27 stones
Armour
 b - a +0 leather armour (worn)
Jewellery
 g - a +6 ring of strength (left hand)
 o - a +6 ring of intelligence (right hand)
Scrolls
 c - a scroll of blinking
 e - a scroll of amnesia {unknown}
 f - a scroll of teleportation {unknown}
 j - a scroll of identify {unknown}
 k - a scroll of enchant armour {unknown}
 p - a scroll of summoning {unknown}
 q - a scroll of noise {unknown}
Potions
 i - a potion of degeneration {unknown}


   Skills:
 + Level 4.7 Fighting
 + Level 1.3 Short Blades
 + Level 1.3 Long Blades
 + Level 1.3 Axes
 + Level 1.3 Maces & Flails
 + Level 4.7 Polearms
 + Level 1.3 Staves
 + Level 1.3 Slings
 + Level 1.3 Bows
 + Level 1.3 Crossbows
 + Level 2.8 Throwing
 + Level 2.8 Armour
 + Level 4.7 Dodging
 + Level 1.3 Stealth
 + Level 1.3 Shields
 + Level 1.3 Unarmed Combat
 + Level 5.1 Spellcasting
 + Level 1.0 Conjurations
 + Level 1.0 Hexes
 + Level 1.0 Summonings
 + Level 1.0 Necromancy
 + Level 5.5 Translocations
 + Level 1.0 Transmutations
 + Level 1.0 Fire Magic
 + Level 1.0 Ice Magic
 + Level 1.0 Air Magic
 + Level 1.0 Earth Magic
 + Level 1.0 Poison Magic
 + Level 1.4 Invocations
 + Level 1.3 Evocations


You had 11 spell levels left.
You knew the following spells:

 Your Spells              Type           Power      Damage    Failure   Level
a - Blink                 Tloc           48%        N/A       2%          2

Your spell library contained the following spells:

 Spells                   Type           Power      Damage    Failure   Level
 Gell's Gravitas          Tloc           24%        N/A       4%          3
 Lesser Beckoning         Tloc           24%        N/A       4%          3
 Teleport Other           Tloc           24%        N/A       4%          3
 Manifold Assault         Tloc           24%        N/A       41%         5


Dungeon Overview and Level Annotations

Branches:
Dungeon (3/15)              Sewer (1/1)

Altars:


Innate Abilities, Weirdness & Mutations

You have very sharp teeth.
Your uncanny sense of smell can sniff out nearby items.
Your experience applies equally to all skills.


Message History

You are too injured to fight recklessly!
You are too injured to fight recklessly!
You are too injured to fight recklessly!
You are too injured to fight recklessly!
Casting: Blink (safe; 2% risk of failure)
Confirm with . or Enter, or press ? or * to list all spells.
You blink.
Splash!
A river rat and a rat come into view.
A rat comes into view.
The river rat bites you. The river rat barely misses you.
You see here a rat corpse.
You feel stable enough to blink again. The river rat barely misses you.
The river rat bites you.
* * * LOW HITPOINT WARNING * * *
The river rat bites you.
* * * LOW HITPOINT WARNING * * *
You hit the river rat. You bite the river rat.
The river rat is severely wounded.
The river rat closely misses you.
You hit the river rat but do no damage.
The river rat is severely wounded.
You hit the river rat but do no damage.
You bite the river rat, but do no damage.
The river rat is severely wounded.
The river rat closely misses you. The river rat bites you.
* * * LOW HITPOINT WARNING * * *
Unknown command.
Casting: Blink (safe; 2% risk of failure)
Confirm with . or Enter, or press ? or * to list all spells.
You blink.
Splash!
You fall into the shallow water.
Moving in this stuff is going to be slow.
The rat closely misses you.
You feel stable enough to blink again.
You hit the river rat.
You bite the river rat, but do no damage.
The river rat is severely wounded.
The rat misses you. The river rat bites you.
You die...

#≈.≈≈≈≈#
#≈≈≈#≈≈#
#≈≈#≈.≈#
#≈≈≈≈≈≈#
#≈≈≈†≈≈#
#≈≈≈≈≈≈#
#≈≈≈≈r≈#
#≈≈≈rrr#
#....@##
#......#
##......#
#.......#
##........
####......
###...#
####


You could see 2 river rats and 2 rats.

Vanquished Creatures
  A hound (D:3)
  2 adders (D:2)
  2 river rats (D:3)
  A worm (D:3)
  5 endoplasms
  3 giant cockroaches
  2 goblins
  4 hobgoblins
  4 jackals (D:2)
  A kobold (D:1)
  A quokka (D:1)
  7 ball pythons
  4 bats
  A frilled lizard (D:2)
  7 rats
45 creatures vanquished.

Notes
Turn   | Place    | Note
-------+----------+-------------------------------------------
     0 | D:1      | Ablot the Gnoll Warper began the quest for the Orb.
     0 | D:1      | Reached XP level 1. HP: 20/20 MP: 6/6
   119 | D:1      | Found a faded altar of an unknown god.
   119 | D:1      | Noticed a great orb of eyes
   122 | D:1      | Noticed a shining eye
   125 | D:1      | Noticed a golden eye
   125 | D:1      | Noticed a floating eye
   166 | D:1      | Reached XP level 2. HP: 26/26 MP: 7/7
   760 | D:2      | Reached XP level 3. HP: 31/31 MP: 9/9
   772 | D:2      | Reached skill level 5 in Spellcasting
  1130 | D:2      | Learned a level 2 spell: Blink
  1145 | D:2      | Reached skill level 1 in Invocations
  1149 | D:2      | HP: 2/46 [poisoned by an adder]
  1736 | D:2      | Reached skill level 1 in Short Blades
  1736 | D:2      | Reached skill level 1 in Long Blades
  1736 | D:2      | Reached skill level 1 in Axes
  1736 | D:2      | Reached skill level 1 in Maces & Flails
  1736 | D:2      | Reached skill level 1 in Staves
  1736 | D:2      | Reached skill level 1 in Slings
  1736 | D:2      | Reached skill level 1 in Bows
  1736 | D:2      | Reached skill level 1 in Crossbows
  1736 | D:2      | Reached skill level 1 in Stealth
  1736 | D:2      | Reached skill level 1 in Shields
  1736 | D:2      | Reached skill level 1 in Unarmed Combat
  1736 | D:2      | Reached skill level 1 in Evocations
  2092 | D:3      | Reached XP level 4. HP: 36/38 MP: 11/11
  2143 | D:3      | Found a glowing drain.
  2321 | D:3      | HP: 1/38 [hound (3)]
  2326 | D:3      | Reached skill level 1 in Conjurations
  2326 | D:3      | Reached skill level 1 in Hexes
  2326 | D:3      | Reached skill level 1 in Summonings
  2326 | D:3      | Reached skill level 1 in Necromancy
  2326 | D:3      | Reached skill level 1 in Transmutations
  2326 | D:3      | Reached skill level 1 in Fire Magic
  2326 | D:3      | Reached skill level 1 in Ice Magic
  2326 | D:3      | Reached skill level 1 in Air Magic
  2326 | D:3      | Reached skill level 1 in Earth Magic
  2326 | D:3      | Reached skill level 1 in Poison Magic
  2458 | Sewer    | Entered a sewer
  2819 | Sewer    | HP: 1/38 [river rat (1)]
  2824 | Sewer    | Slain by a river rat

Illustrated notes

Levels and vault maps discovered:
D:1:      heliophobic_arrival_glass_houses, layout_basic,
          hellmonk_ecumenical_altar_watching_god
D:2:      layout_loops_cross
D:3:      layout_basic, lemuel_coloured_pillars_altar,
          cheibrodos_sewer_entry_sluice, hex_intersection,
          chequers_decorated_corner, due_unseen_surprise, uniq_sigmund,
          uniq_grinder, uniq_terence
Sewer:    sewer_minmay_w

Skill      XL: |  1  2  3  4 |
---------------+-------------+-----
Spellcasting   | 5 |  5.1
Invocations    | 1 |  1.4
Short Blades   | 1 |  1.3
Long Blades    | 1 |  1.3
Axes           | 1 |  1.3
Maces & Flails | 1 |  1.3
Staves         | 1 |  1.3
Slings         | 1 |  1.3
Bows           | 1 |  1.3
Crossbows      | 1 |  1.3
Stealth        | 1 |  1.3
Shields        | 1 |  1.3
Unarmed Combat | 1 |  1.3
Evocations     | 1 |  1.3
Conjurations   | 1 |  1.0
Hexes          | 1 |  1.0
Summonings     | 1 |  1.0
Necromancy     | 1 |  1.0
Transmutations | 1 |  1.0
Fire Magic     | 1 |  1.0
Ice Magic      | 1 |  1.0
Air Magic      | 1 |  1.0
Earth Magic    | 1 |  1.0
Poison Magic   | 1 |  1.0
Fighting       | |  4.7
Polearms       | |  4.7
Throwing       | |  2.8
Armour         | |  2.8
Dodging        | |  4.7
Translocations | |  5.5

Action                   |  1- 3 |  4- 6 || total
-------------------------+-------+-------++-------
Melee: Spear             |   115 |    70 ||   185
       Bite              |     9 |     7 ||    16
       Punch             |     3 |     1 ||     4
Throw: Boomerang         |     1 |     8 ||     9
 Cast: Blink             |     1 |     6 ||     7
  Use: Potion            |     1 |       ||     1
Armor: Leather armour    |    22 |     8 ||    30
Dodge: Dodged            |    51 |    45 ||    96
